 Dungeon Sprint DCSS version 0.21-a0-221-gfe971b9 (webtiles) character file.

98546 potatolord6000 the End of an Era (level 27, -24/249 HPs)
             Began as a Demonspawn Fighter on Aug 24, 2017.
             Was the Champion of Qazlal.
             Annihilated by an ettin
             ... wielding a +0 dire flail
              (30 damage)
             ... in the Dungeon (Sprint VI: "Thunderdome") on Aug 25, 2017.
             The game lasted 01:20:44 (5542 turns).

potatolord6000 the End of an Era (DsFi)             Turns: 5542, Time: 01:20:44

Health: -24/249    AC: 54    Str: 43    XL:     27
Magic:  26/53      EV:  9    Int: 18    God:    Qazlal [******]
Gold:   8508       SH: 47    Dex: 20    Spells: 79/79 levels left

rFire    . . .     SeeInvis +   s - +4 double sword "Grum" {venom, rC- MR+ Str+7}
rCold    + . .     Gourm    .   q - +8 large shield of the Doge {rF- Regen+ Int+10 Stlth+}
rNeg     + + +     Faith    .   f - +14 crystal plate armour
rPois    +         Spirit   .   p - +1 helmet of the Blizzard {rPois}
rElec    +         Reflect  .   a - +0 cloak of the Kraken {rPois rC+ MR+ Dex+3}
rCorr    +         Harm     +   (gloves unavailable)
MR       ++++.     NoTele   +   o - +2 pair of boots of the Blue Moon {rElec}
Stlth    ..........             n - amulet of Tinig {Harm *Drain rF+ rC+ rN+}
HPRegen  4.91/turn              e - ring "Coxzub" {Str+3 Stlth+}
MPRegen  0.33/turn              r - ring "Samufe" {rN+ Str+5 Int-2 Dex+3 SInv}

@: protected from physical damage, berserk cooldown, hasted and slowed, repel
missiles
A: claws 3, yellow scales 3, blurry vision 3, deformed body, demonic guardian 3,
negative energy resistance 1, powered by death 3, 50% torment resistance, black
mark, MP-powered wands
0: Orb of Zot
}: 6/15 runes: decaying, slimy, silver, golden, gossamer, mossy
a: Upheaval, Elemental Force, Disaster Area, Renounce Religion


You were in the Dungeon.
You worshipped Qazlal.
Qazlal was exalted by your worship.
You were hungry.

You visited 1 branch You collected 20080 gold pieces.
You spent 11572 gold pieces at shops.

Inventory:

Hand Weapons
 s - the +4 double sword "Grum" (weapon) {venom, rC- MR+ Str+7}
   (You found it in the Dungeon)

   It poisons the flesh of those it strikes.
   It affects your strength (+7).
   It makes you vulnerable to cold.
   It affects your resistance to hostile enchantments.
Armour
 a - the +0 cloak of the Kraken (worn) {rPois rC+ MR+ Dex+3}
   (You bought it in a shop in the Dungeon)

   It affects your dexterity (+3).
   It protects you from cold.
   It protects you from poison.
   It affects your resistance to hostile enchantments.
 f - a +14 crystal plate armour (worn)
 o - the +2 pair of boots of the Blue Moon (worn) {rElec}
   (You bought it in a shop in the Dungeon)

   It insulates you from electricity.
 p - the +1 helmet of the Blizzard (worn) {rPois}
   (You bought it in a shop in the Dungeon)

   It protects you from poison.
 q - the +8 large shield of the Doge (worn) {rF- Regen+ Int+10 Stlth+}
   (You bought it in a shop in the Dungeon)

   It affects your intelligence (+10).
   It makes you vulnerable to fire.
   It increases your rate of regeneration.
   It makes you more stealthy.
Jewellery
 e - the ring "Coxzub" (left claw) {Str+3 Stlth+}
   (You bought it in a shop in the Dungeon)

   [ring of strength]

   It affects your strength (+3).
   It makes you more stealthy.
 n - the amulet of Tinig (around neck) {Harm *Drain rF+ rC+ rN+}
   (You bought it in a shop in the Dungeon)

   [amulet of harm]

   It increases damage dealt and taken.
   It protects you from fire.
   It protects you from cold.
   It protects you from negative energy.
   It causes draining when unequipped.
 r - the ring "Samufe" (right claw) {rN+ Str+5 Int-2 Dex+3 SInv}
   (You found it in the Dungeon)

   [ring of positive energy]

   It affects your strength (+5).
   It affects your intelligence (-2).
   It affects your dexterity (+3).
   It protects you from negative energy.
   It lets you see invisible.
Scrolls
 b - 14 scrolls of remove curse
 k - 4 scrolls of blinking
 t - 8 scrolls of enchant weapon
Potions
 g - 30 potions of heal wounds
 h - 3 potions of haste
 j - 2 potions of berserk rage
 l - a potion of resistance
Comestibles
 c - 5 royal jellies


   Skills:
 O Level 27 Fighting
 + Level 26.7 Long Blades
 + Level 26.7 Armour
 + Level 26.7 Shields
 + Level 26.7 Spellcasting
 O Level 27 Invocations


You had 79 spell levels left.
You didn't know any spells.

Dungeon Overview and Level Annotations

Branches:
Dungeon (1/1)

Altars:
Cheibriados
Dithmenos
Fedhas
Gozag
Kikubaaqudgha
Makhleb
Okawaru
Qazlal
Ru
Sif Muna
Trog
Uskayaw
Vehumet
Wu Jian
Xom
Yredelemnul
Zin
The Shining One
Beogh
Jiyva
Lugonu

Shops:
D *[%??*?*:[((!!!


Innate Abilities, Weirdness & Mutations

You have claws for hands.
You are completely covered in yellow scales. (AC +4, rCorr)
A powerful demonic guardian rushes to your aid.
You resist negative energy. (rN+)
You regenerate a lot of health from kills.
You are somewhat able to resist unholy torments (1 in 2 success).
Your melee attacks may debilitate your foes.
Scrolls take you much longer to read.
Armour fits poorly on your strangely shaped body.
You expend magic power (3 MP) to strengthen your wands.


Message History

The ettin is engulfed in blazing flames.
You block the ettin's attack. x2; Tuhayxoc hits you!!
* * * LOW HITPOINT WARNING * * *
You feel more protected from physical attacks.
You block the hellwing's attack. x2
You miss Tuhayxoc.
Tuhayxoc is severely wounded.
The ettin is engulfed in blazing flames.
You block the ettin's attack. x2; Tuhayxoc hits you.
* * * LOW HITPOINT WARNING * * *
You block the ice devil's attack.
The shadow demon is struck by lightning.
The shadow demon gestures.
You slice Tuhayxoc!!
Tuhayxoc is almost dead.
The moth of wrath goads the jackal on!
The jackal goes berserk!
The moth of wrath goads the jackal on!
The jackal goes berserk!
The ettin is engulfed in blazing flames.
You block the ettin's attack. The ettin hits you with a dire flail!!
You die...

#.....# ##).).(## ##∩.....∩##
#∩.....(.∩# #_.[....._#
#_.....((_# #_)[§).)[_#
###h)42.).))###
#⌠.h@Gyy[....⌠#
######h84&CC..)).8(######
##∩.__.Cy12.###..)[...__∩##
###∩.....4C484# #)8[.......∩#
##.......))((hy###.).[........
#⌠........=(###../###)[.......
#⌠...[.)....# #?:.# #.........
#⌠..)..))...###..y###......[..
##...........(.###.)§.........


You could see Tuhayxoc, a Hell Sentinel, 4 ettins, a shadow demon, 4 moths of
wrath, 2 hellwings, 2 ice devils, an eye of draining, a chaos spawn, 4 jackals
and a friendly cacodemon.

Vanquished Creatures
  Khufu (D)
  An acid blob (D)
  An ancient lich (D)
  7 pandemonium lords (D)
  A greater mummy (D)
  Agnes (D)
  A Killer Klown (D)
  the Lernaean hydra (D)
  7 pearl dragons (D)
  2 Tzitzimimeh (D)
  4 electric golems (D)
  2 Brimstone Fiends (D)
  2 Hell Sentinels (D)
  2 titans (D)
  12 Orb Guardians (D)
  A quicksilver dragon (D)
  4 storm dragons (D)
  4 daevas (D)
  An azure jelly (D)
  A ghost moth (D)
  2 balrugs (D)
  Louise (D)
  5 angels (D)
  A cacodemon (D)
  A reaper (D)
  13 stone giants (D)
  2 ophanim (D)
  2 lorocyprocas (D)
  An apis (D)
  A wolf spider (D)
  6 ettins (D)
  A blizzard demon (D)
  A death ooze (D)
  A green death (D)
  A great orb of eyes (D)
  2 vault guards (D)
  A hell beast (D)
  7 spriggan air magi (D)
  7 centaur warriors (D)
  A satyr (D)
  17 dancing weapons (D)
  A deep elf knight (D)
  A soul eater (D)
  2 sun demons (D)
  32 fire crabs (D)
  6 sixfirhies (D)
  A cherub (D)
  2 shadow demons (D)
  A deep elf archer (D)
  14 shining eyes (D)
  9 orb spiders (D)
  An ugly thing (D)
  2 deep elf magi (D)
  A cyclops (D)
  15 moths of wrath (D)
  A rust devil (D)
  A spiny frog (D)
  A gargoyle (D)
  2 orange demons (D)
  11 smoke demons (D)
  A hellion (D)
  A large abomination (D)
  3 rime drakes (D)
  8 red devils (D)
  A hellwing (D)
  A guardian mummy (D)
  2 ice devils (D)
  A tengu conjurer (D)
  A silent spectre (D)
  10 wind drakes (D)
  Prince Ribbit (D)
  A blink frog (D)
  4 slime creatures (D)
  A hippogriff (shapeshifter) (D)
  A shadow (D)
  2 water elementals (D)
  6 air elementals (D)
  A ynoxinul (D)
  A wyvern (D)
  8 hungry ghosts (D)
  A small abomination (D)
  A neqoxec (D)
  3 chaos spawn (D)
  9 golden eyes (D)
  3 porcupines (D)
  2 ice beasts (D)
  7 dwarves (D)
  4 necrophages (D)
  5 centaurs (D)
  3 bullfrogs (D)
  2 wights (D)
  A quasit (D)
  Jessica (D)
  An iguana (D)
  Terence (D)
  2 ogre simulacra (D)
  2 ufetubi (D)
  An adder zombie (D)
  A ball lightning (D)
  2 leopard geckos (D)
  A bat zombie (D)
  A quokka (D)
  A quokka skeleton (D)
  A rat (D)
345 creatures vanquished.

Vanquished Creatures (collateral kills)
  2 Orb Guardians (D)
  2 daevas (D)
  An azure jelly (D)
  A deep elf sorcerer (D)
  An angel (D)
  An apis (D)
  An ettin (D)
  A hell beast (D)
  A centaur warrior (D)
  A sun demon (D)
  A skeletal warrior (D)
  An orb spider (D)
  3 shining eyes (D)
  A deep elf mage (D)
  A moth of wrath (D)
  3 smoke demons (D)
  2 orange demons (D)
  An ice devil (D)
  A silent spectre (D)
  2 slime creatures (D)
  A ynoxinul (D)
  A neqoxec (D)
  A hungry ghost (D)
  2 chaos spawn (D)
  A porcupine (D)
  A necrophage (D)
  A small abomination (D)
  A wight (D)
  2 shadow imps (D)
39 creatures vanquished.

Vanquished Creatures (others)
  A soul eater (D)
  2 dwarves (D)
  4 ball lightnings (D)
7 creatures vanquished.

Grand Total: 391 creatures vanquished

Notes
Turn   | Place    | Note
-------+----------+-------------------------------------------
     0 | D        | potatolord6000 the Demonspawn Fighter began the quest for the Orb.
     0 | D        | Reached XP level 1. HP: 18/18 MP: 1/1
     2 | D        | Found a sacrificial altar of Ru.
     2 | D        | Found a corrupted altar of Lugonu.
     3 | D        | Found a stormy altar of Qazlal.
     4 | D        | Found a shimmering altar of Xom.
     4 | D        | Found a snail-covered altar of Cheibriados.
     5 | D        | Found Yla Tieri's Do-It-Yourself Clinic.
     5 | D        | Found a glowing golden altar of the Shining One.
     5 | D        | Found Teduaxio's Distillery.
     5 | D        | Round 1.
     6 | D        | Found Giemevvyon's Bottled Wisdom.
     6 | D        | Found Famoupli's Distillery.
     8 | D        | Noticed Terence
    13 | D        | Became a worshipper of Qazlal Stormbringer
    20 | D        | Killed Terence
    20 | D        | Gained mutation: You have sharp fingernails. [demonic ancestry]
    20 | D        | Reached XP level 2. HP: 25/25 MP: 1/5
    24 | D        | Found a blossoming altar of Fedhas.
    27 | D        | Found Soylit's Weapon Rack.
    28 | D        | Found a basalt altar of Yredelemnul.
    28 | D        | Found a viscous altar of Jiyva.
    28 | D        | Found a bloodstained altar of Trog.
    28 | D        | Found Doiph's Premium Goods.
    29 | D        | Found Wiypsuimid's Basic Armour.
    29 | D        | Found Inoxt's Miscellaneous Merchandise.
    34 | D        | Found a deep blue altar of Sif Muna.
    35 | D        | Found a shadowy altar of Dithmenos.
    38 | D        | Found an opulent altar of Gozag.
    39 | D        | Found Riuqotul's Identification Station.
    40 | D        | Found a glowing silver altar of Zin.
    40 | D        | Found an ancient bone altar of Kikubaaqudgha.
    40 | D        | Found Rapn's Bee Food.
    41 | D        | Found Louppo Docru's Advanced Armour.
    41 | D        | Found Xoorump's Jewellery.
    48 | D        | Gained mutation: You are partially covered in yellow scales. (AC +2) [demonic ancestry]
    48 | D        | Reached XP level 3. HP: 16/30 MP: 2/6
    50 | D        | Noticed Jessica
    58 | D        | Killed Jessica
    58 | D        | Reached * piety under Qazlal
    58 | D        | Gained mutation: You are mostly covered in yellow scales. (AC +3) [demonic ancestry]
    58 | D        | Reached XP level 4. HP: 20/38 MP: 3/8
    72 | D        | Noticed Sigmund
    96 | D        | Arena points: 5 (+5) [x1]
   111 | D        | Round 2.
   131 | D        | Bought a bound ivory ring for 45 gold pieces
   131 | D        | Bought a slimy glass ring for 45 gold pieces
   131 | D        | Bought a twitching copper amulet for 45 gold pieces
   131 | D        | Identified the ring "Coxzub" {Str+3 Stlth+} (You bought it in a shop in the Dungeon)
   132 | D        | Identified the ring of Udut {rCorr MR++ Dex+4} (You bought it in a shop in the Dungeon)
   135 | D        | Noticed a porcupine
   135 | D        | Identified the amulet of Tinig {Harm *Drain rF+ rC+ rN+} (You bought it in a shop in the Dungeon)
   138 | D        | Found a burning altar of Makhleb.
   145 | D        | Killed a porcupine
   145 | D        | Reached ** piety under Qazlal
   145 | D        | Reached skill level 5 in Fighting
   145 | D        | Reached skill level 5 in Armour
   145 | D        | Reached skill level 5 in Shields
   145 | D        | Reached XP level 5. HP: 26/46 MP: 8/11
   151 | D        | Noticed a porcupine
   158 | D        | Killed a porcupine
   158 | D        | Reached skill level 5 in Long Blades
   158 | D        | Gained mutation: A weak demonic guardian rushes to your aid. [demonic ancestry]
   158 | D        | Reached XP level 6. HP: 32/52 MP: 9/13
   160 | D        | Found a roughly hewn altar of Beogh.
   161 | D        | Found a hide-covered altar of Uskayaw.
   163 | D        | Found Ufant's Magic Scroll Shop.
   164 | D        | Found an iron altar of Okawaru.
   164 | D        | Found a radiant altar of Vehumet.
   164 | D        | Found an ornate altar of the Wu Jian Council.
   164 | D        | Found Sinuhe's Staff Store.
   165 | D        | Found Ruutyju's Magic Scroll Shop.
   165 | D        | Found Nuafeph's Must-Have Magic.
   176 | D        | Noticed a porcupine
   185 | D        | Killed a porcupine
   185 | D        | Reached skill level 5 in Spellcasting
   190 | D        | Noticed a porcupine
   198 | D        | Killed a porcupine
   198 | D        | Reached *** piety under Qazlal
   198 | D        | Arena points: 33 (+28) [x2]
   242 | D        | Round 3.
   276 | D        | Reached skill level 5 in Invocations
   285 | D        | Gained mutation: You regenerate a little health from kills. [demonic ancestry]
   285 | D        | Reached XP level 7. HP: 48/60 MP: 15/15
   319 | D        | Reached **** piety under Qazlal
   353 | D        | Arena points: 96 (+63) [x3]
   400 | D        | Round 4.
   452 | D        | Noticed a blink frog
   457 | D        | Killed a blink frog
   457 | D        | Reached ***** piety under Qazlal
   499 | D        | Noticed a spiny frog
   502 | D        | Noticed Prince Ribbit
   508 | D        | Killed Prince Ribbit
   508 | D        | Gained mutation: You have very sharp fingernails. [demonic ancestry]
   508 | D        | Reached XP level 8. HP: 57/67 MP: 10/18
   509 | D        | Killed a spiny frog
   545 | D        | Arena points: 208 (+112) [x4]
   574 | D        | Bought a pair of bloodstained gloves for 332 gold pieces
   579 | D        | Identified the +3 pair of gloves "Ytituapo" {Str+6 Int+4 Stlth-} (You bought it in a shop in the Dungeon)
   607 | D        | Round 5.
   623 | D        | Noticed the 27-headed Lernaean hydra
   624 | D        | Noticed a spriggan rider
   631 | D        | Killed the 27-headed Lernaean hydra
   631 | D        | Arena points: 448 (+240) [x6]
   631 | D        | Reached skill level 10 in Fighting
   631 | D        | Reached XP level 9. HP: 56/78 MP: 8/22
   631 | D        | Gained mutation: You are completely covered in yellow scales. (AC +4, rCorr) [demonic ancestry]
   631 | D        | Reached XP level 10. HP: 61/85 MP: 8/23
   634 | D        | Got a decaying rune of Zot
   635 | D        | Gained mutation: You have claws for hands. [demonic ancestry]
   635 | D        | Reached XP level 11. HP: 69/91 MP: 5/24
   825 | D        | Round 6.
   833 | D        | Reached skill level 10 in Shields
   881 | D        | Noticed a skeletal warrior
   893 | D        | Killed a skeletal warrior
   893 | D        | Reached skill level 10 in Armour
   901 | D        | Reached skill level 10 in Long Blades
   920 | D        | Arena points: 784 (+336) [x7]
   945 | D        | Bought a faintly glowing cloak for 332 gold pieces
   950 | D        | Identified the -7 cloak of the Quahog {+Blink rF+ rCorr} (You bought it in a shop in the Dungeon)
   992 | D        | Round 7.
  1097 | D        | Reached skill level 10 in Spellcasting
  1121 | D        | Reached ****** piety under Qazlal
  1150 | D        | Arena points: 1288 (+504) [x8]
  1162 | D        | Bought a fine cloak for 332 gold pieces
  1167 | D        | Identified the +0 cloak of the Kraken {rPois rC+ MR+ Dex+3} (You bought it in a shop in the Dungeon)
  1179 | D        | Round 8.
  1286 | D        | Arena points: 2008 (+720) [x9]
  1327 | D        | Bought a shimmering shield for 332 gold pieces
  1327 | D        | Bought a steaming helmet for 332 gold pieces
  1327 | D        | Round 9.
  1338 | D        | Identified the cursed +0 shield of Jonwirho {rC+} (You bought it in a shop in the Dungeon)
  1343 | D        | Identified the +1 helmet of the Blizzard {rPois} (You bought it in a shop in the Dungeon)
  1477 | D        | Arena points: 2098 (+90) [x1]
  1492 | D        | Round 10.
  1496 | D        | Noticed a dire wolf spider
  1515 | D        | Killed a dire wolf spider
  1515 | D        | Arena points: 2368 (+270) [x3]
  1518 | D        | Got a gossamer rune of Zot
  1519 | D        | Got a dazzling double sword
  1521 | D        | Reached XP level 12. HP: 96/101 MP: 19/26
  1592 | D        | Bought 3 royal jellies for 24 gold pieces
  1592 | D        | Bought 3 royal jellies for 24 gold pieces
  1592 | D        | Bought 3 royal jellies for 24 gold pieces
  1592 | D        | Bought 3 royal jellies for 24 gold pieces
  1717 | D        | Round 11.
  1770 | D        | Bought 3 scrolls of identify for 150 gold pieces
  1770 | D        | Identified the +4 double sword "Grum" {venom, rC- MR+ Str+7} (You found it in the Dungeon)
  1851 | D        | Arena points: 2852 (+484) [x4]
  1874 | D        | Bought a pair of translucent boots for 332 gold pieces
  1879 | D        | Identified the +2 pair of boots of the Blue Moon {rElec} (You bought it in a shop in the Dungeon)
  1881 | D        | Round 12.
  1881 | D        | Noticed a great orb of eyes
  1893 | D        | Killed a great orb of eyes
  1893 | D        | Reached XP level 13. HP: 79/108 MP: 14/28
  1921 | D        | Noticed a death ooze
  1929 | D        | Killed a death ooze
  1940 | D        | Bought 3 potions of heal wounds for 105 gold pieces
  1940 | D        | Bought 3 potions of heal wounds for 105 gold pieces
  1946 | D        | Noticed an azure jelly
  1965 | D        | Killed an azure jelly
  1965 | D        | Reached skill level 15 in Invocations
  1973 | D        | Noticed an azure jelly
  1992 | D        | Killed an azure jelly
  2052 | D        | Arena points: 2972 (+120) [x1]
  2067 | D        | Round 13.
  2120 | D        | Noticed a deep elf sorcerer
  2129 | D        | Killed a deep elf sorcerer
  2194 | D        | Arena points: 3232 (+260) [x2]
  2229 | D        | Bought a shimmering large shield for 332 gold pieces
  2255 | D        | Round 14.
  2290 | D        | Noticed Louise
  2308 | D        | Killed Louise
  2329 | D        | Arena points: 3694 (+462) [x3]
  2344 | D        | Round 15.
  2344 | D        | Noticed Agnes
  2370 | D        | Killed Agnes
  2370 | D        | Arena points: 4519 (+825) [x5]
  2373 | D        | Got a mossy rune of Zot
  2374 | D        | Gained mutation: You resist negative energy. (rN+) [demonic ancestry]
  2374 | D        | Reached XP level 14. HP: 75/121 MP: 19/31
  2380 | D        | Bought 15 scrolls of remove curse for 450 gold pieces
  2391 | D        | Identified the +8 large shield of the Doge {rF- Regen+ Int+10 Stlth+} (You bought it in a shop in the Dungeon)
  2571 | D        | Round 16.
  2620 | D        | Reached skill level 15 in Fighting
  2664 | D        | Gained mutation: You are somewhat able to resist unholy torments (1 in 2 success). [demonic ancestry]
  2664 | D        | Reached XP level 15. HP: 129/129 MP: 32/32
  2667 | D        | Arena points: 5863 (+1344) [x6]
  2676 | D        | Bought a +0 crystal plate armour for 960 gold pieces
  2725 | D        | Bought 4 scrolls of enchant armour for 300 gold pieces
  2725 | D        | Bought 4 scrolls of enchant armour for 300 gold pieces
  2727 | D        | Round 17.
  2856 | D        | Arena points: 7291 (+1428) [x7]
  2875 | D        | Bought a scorched hat for 315 gold pieces
  2875 | D        | Bought a pair of faintly humming boots for 332 gold pieces
  2875 | D        | Identified the +2 hat "Peneven" {rPois} (You bought it in a shop in the Dungeon)
  2876 | D        | Identified the +0 pair of boots of the Fife {rF+ Str+4 Dex-3 SInv} (You bought it in a shop in the Dungeon)
  2916 | D        | Round 18.
  3049 | D        | Arena points: 9019 (+1728) [x8]
  3063 | D        | Bought 4 scrolls of enchant armour for 300 gold pieces
  3063 | D        | Bought 4 scrolls of enchant armour for 300 gold pieces
  3118 | D        | Round 19.
  3125 | D        | Reached skill level 15 in Shields
  3126 | D        | Reached skill level 15 in Long Blades
  3126 | D        | Reached skill level 15 in Armour
  3129 | D        | Reached skill level 15 in Spellcasting
  3172 | D        | Arena points: 11584 (+2565) [x9]
  3207 | D        | Round 20.
  3233 | D        | Noticed a vault guard captain
  3274 | D        | Noticed a vault warden
  3280 | D        | Killed a vault guard captain
  3280 | D        | Arena points: 14444 (+2860) [x11]
  3283 | D        | Got a silver rune of Zot
  3480 | D        | Round 21.
  3504 | D        | Reached XP level 16. HP: 138/142 MP: 36/36
  3654 | D        | Arena points: 18728 (+4284) [x12]
  3683 | D        | Reached XP level 17. HP: 149/149 MP: 37/37
  3683 | D        | Round 22.
  3850 | D        | Arena points: 23590 (+4862) [x13]
  3888 | D        | Round 23.
  3890 | D        | Noticed a titan
  3899 | D        | Noticed an electric golem
  3904 | D        | Killed a titan
  3920 | D        | Killed an electric golem
  3928 | D        | Arena points: 29708 (+6118) [x14]
  3962 | D        | Bought 3 potions of experience for 900 gold pieces
  3962 | D        | Bought 3 potions of experience for 900 gold pieces
  3962 | D        | Bought 2 potions of experience for 600 gold pieces
  3962 | D        | Bought a potion of experience for 300 gold pieces
  3962 | D        | Bought a potion of experience for 300 gold pieces
  3962 | D        | Gained mutation: You regenerate health from kills. [demonic ancestry]
  3962 | D        | Reached XP level 18. HP: 124/160 MP: 12/39
  3963 | D        | Gained mutation: You regenerate a lot of health from kills. [demonic ancestry]
  3963 | D        | Reached XP level 19. HP: 130/167 MP: 12/40
  3963 | D        | Round 24.
  3964 | D        | Reached XP level 20. HP: 136/174 MP: 12/41
  3965 | D        | Gained mutation: A demonic guardian rushes to your aid. [demonic ancestry]
  3965 | D        | Reached XP level 21. HP: 142/180 MP: 13/42
  3966 | D        | Reached XP level 22. HP: 149/188 MP: 13/43
  3967 | D        | Reached XP level 23. HP: 152/194 MP: 13/45
  3968 | D        | Reached XP level 24. HP: 143/202 MP: 13/45
  3969 | D        | Gained mutation: Your melee attacks may debilitate your foes. [demonic ancestry]
  3969 | D        | Reached XP level 25. HP: 148/208 MP: 14/45
  3970 | D        | Reached XP level 26. HP: 132/216 MP: 14/45
  3971 | D        | Gained mutation: A powerful demonic guardian rushes to your aid. [demonic ancestry]
  3971 | D        | Reached XP level 27. HP: 137/223 MP: 14/45
  4027 | D        | Arena points: 36188 (+6480) [x15]
  4056 | D        | Round 25.
  4058 | D        | Bought 3 potions of heal wounds for 105 gold pieces
  4058 | D        | Bought 3 potions of heal wounds for 105 gold pieces
  4058 | D        | Bought 3 potions of heal wounds for 105 gold pieces
  4058 | D        | Bought 3 potions of heal wounds for 105 gold pieces
  4058 | D        | Bought 3 potions of heal wounds for 105 gold pieces
  4058 | D        | Bought 3 potions of heal wounds for 105 gold pieces
  4058 | D        | Bought 3 potions of heal wounds for 105 gold pieces
  4058 | D        | Bought 3 potions of heal wounds for 105 gold pieces
  4058 | D        | Bought 3 potions of heal wounds for 105 gold pieces
  4058 | D        | Bought 3 potions of heal wounds for 105 gold pieces
  4088 | D        | Arena points: 42138 (+5950) [x17]
  4091 | D        | Got a slimy rune of Zot
  4286 | D        | Round 26.
  4433 | D        | Arena points: 50094 (+7956) [x18]
  4475 | D        | Round 27.
  4483 | D        | Bought an uncursed staff of air for 750 gold pieces
  4513 | D        | Bought 8 scrolls of enchant weapon for 600 gold pieces
  4618 | D        | Noticed an ancient lich
  4630 | D        | Noticed Tiamat
  4640 | D        | Killed an ancient lich
  4651 | D        | Arena points: 50553 (+459) [x1]
  4827 | D        | Round 28.
  4835 | D        | Got the Orb of Zot
  4850 | D        | Reached skill level 27 in Invocations
  4877 | D        | Noticed Radauq the pandemonium lord
  4890 | D        | Killed Radauq the pandemonium lord
  4937 | D        | Arena points: 69369 (+18816) [x28]
  5002 | D        | Round 29.
  5016 | D        | Noticed Plog the pandemonium lord
  5022 | D        | Noticed Lugal the pandemonium lord
  5046 | D        | Killed Plog the pandemonium lord
  5068 | D        | Killed Lugal the pandemonium lord
  5084 | D        | Gained mutation: You expend magic power (3 MP) to strengthen your wands. [a shining eye]
  5085 | D        | Gained mutation: Armour fits poorly on your strangely shaped body. [a shining eye]
  5096 | D        | Gained mutation: Scrolls take you a little longer to read. [a shining eye]
  5107 | D        | Gained mutation: Scrolls take you longer to read. [a shining eye]
  5112 | D        | Gained mutation: Scrolls take you much longer to read. [a shining eye]
  5116 | D        | Gained mutation: Your magical capacity is low. (-10% MP) [a shining eye]
  5120 | D        | Arena points: 83666 (+14297) [x29]
  5127 | D        | Noticed Ucorax the pandemonium lord
  5140 | D        | Killed Ucorax the pandemonium lord
  5171 | D        | Round 30.
  5186 | D        | Noticed Khufu
  5195 | D        | Noticed a greater mummy
  5206 | D        | Killed a greater mummy
  5206 | D        | Reached skill level 27 in Fighting
  5220 | D        | Killed Khufu
  5220 | D        | Arena points: 98546 (+14880) [x31]
  5223 | D        | Got a warped glass ring
  5223 | D        | Got a golden rune of Zot
  5226 | D        | Identified the ring "Samufe" {rN+ Str+5 Int-2 Dex+3 SInv} (You found it in the Dungeon)
  5284 | D        | Lost mutation: Your magical capacity is low. (-10% MP) [a cacodemon]
  5435 | D        | Round 31.
  5446 | D        | Noticed Fehani the pandemonium lord
  5453 | D        | Noticed Ryuxziph the pandemonium lord
  5460 | D        | Killed Fehani the pandemonium lord
  5468 | D        | Killed Ryuxziph the pandemonium lord
  5501 | D        | Noticed Bubb the pandemonium lord
  5515 | D        | Noticed Tuhayxoc the pandemonium lord
  5527 | D        | Killed Bubb the pandemonium lord
  5540 | D        | HP: 7/249 [Tuhayxoc the pandemonium lord (24)]
  5541 | D        | HP: 3/249 [Tuhayxoc the pandemonium lord (7)]
  5542 | D        | Annihilated by an ettin

Vault maps used:
D:        arena_sprint

Skill      XL: |  1  2  3  4  5  6  7  8  9 10 11 12 13 14 15 16 17 18 19 20 21 22 23 24 25 26 27 |
---------------+----------------------------------------------------------------------------------+-----
Long Blades    | 2 3 4 5 6 7 9 11 13 16 17 18 26 | 26.7
Armour         | 3 4 5 6 7 9 11 13 14 16 17 18 26 | 26.7
Shields        | 3 4 5 6 7 9 11 13 14 16 17 18 26 | 26.7
Spellcasting   | 2 3 4 5 6 9 10 11 13 16 17 18 26 | 26.7
Fighting       | 4 5 6 7 8 10 12 14 15 17 18 19 27 | 27.0
Invocations    | 3 5 7 11 13 14 17 20 21 22 23 27 | 27.0

Action                   |  1- 3 |  4- 6 |  7- 9 | 10-12 | 13-15 | 16-18 | 19-21 | 22-24 | 25-27 || total
-------------------------+-------+-------+-------+-------+-------+-------+-------+-------+-------++-------
Melee: Long sword        |    12 |    31 |    18 |   101 |       |       |       |       |       ||   162
       Double sword      |       |       |       |     8 |   262 |   126 |       |       |   483 ||   879
       Staff             |       |       |       |       |       |       |       |       |    11 ||    11
Invok: Elemental Force   |       |       |     2 |     3 |     4 |       |       |       |    17 ||    26
       Upheaval          |       |       |     1 |    18 |    10 |     9 |       |       |    19 ||    57
       Disaster Area     |       |       |       |     1 |     2 |     1 |       |       |    12 ||    16
  Use: Potion            |     2 |     3 |       |     2 |     8 |     3 |     3 |     3 |     7 ||    31
       Scroll            |       |       |       |     1 |    17 |       |       |       |       ||    18
 Stab: Distracted        |       |       |     1 |     5 |     6 |       |       |       |     4 ||    16
       Confused          |       |       |       |     2 |       |       |       |       |       ||     2
  Eat: Bread ration      |       |       |       |     1 |       |       |       |       |       ||     1
       Royal jelly       |       |       |       |     4 |       |       |       |       |     3 ||     7
Armor: Scale mail        |     2 |     8 |       |     8 |    43 |       |       |       |       ||    61
       Plate armour      |       |       |       |       |    15 |       |       |       |       ||    15
       Crystal plate arm |       |       |       |       |    48 |    71 |       |     2 |   267 ||   388
Dodge: Dodged            |       |     5 |     5 |    10 |    28 |     7 |       |       |    76 ||   131
       Deflected         |       |       |       |       |    11 |     2 |       |       |     4 ||    17
Block: Shield            |     3 |    14 |    11 |    69 |   150 |       |       |       |       ||   247
       Large shield      |       |       |       |       |   317 |   239 |       |       |   936 ||  1492
       Rpst.: Long sword |       |     2 |       |     3 |       |       |       |       |       ||     5
       Double sword      |       |       |       |       |     4 |       |       |       |    13 ||    17

Table legend:
 A = Spawn XP
 B = Non-spawn XP
 C = Spawn XP percentage of total XP
 D = Spawn monster count
 E = Non-spawn monster count
 F = Spawn count percentage of total count
 G = Total turns spent on level
                    A         B        C        D         E        F      G
               +---------+---------+-------+---------+---------+-------+---------
         Total |       0 |  303617 |   0.0 |       0 |     297 |   0.0 |  5542
               +---------+---------+-------+---------+---------+-------+---------
             D |       0 |  303617 |   0.0 |       0 |     297 |   0.0 |  5542
               +---------+---------+-------+---------+---------+-------+---------
